 Dungeon Crawl Stone Soup version 0.28-a0-1435-g82390b3a13 (webtiles) character file.

Game seed: 3065278904758710529

170 avis the Ruffian (level 5, 0/45 HPs)
             Began as a Hill Orc Transmuter on Jan 10, 2022.
             Succumbed to an adder's poison
             ... on level 3 of the Dungeon.
             The game lasted 00:15:57 (3721 turns).

avis the Ruffian (Hill Orc Transmuter)              Turns: 3721, Time: 00:15:57

Health: 0/45       AC:  2    Str: 12 (13) XL:     5   Next: 50%
Magic:  6/8        EV: 19    Int: 14 (15) God:
Gold:   95         SH:  0    Dex: 15 (16) Spells: 4/8 levels left

rFire   . . .      SeeInvis .     - Unarmed
rCold   . . .      Faith    .   (shield currently unavailable)
rNeg    . . .      Spirit   .   (armour currently unavailable)
rPois   x          Reflect  .   (helmet currently unavailable)
rElec   .          Harm     .   (cloak currently unavailable)
rCorr   .          Rampage  .   (gloves currently unavailable)
Will    .....                   (boots currently unavailable)
Stlth   +.........              (no amulet)
HPRegen 0.15/turn               (no ring)
MPRegen 0.11/turn               (no ring)

@: lethally poisoned (0 -> -9), spider-form (expiring)
A: venomous fangs, tiny
a: End Transformation


You were on level 3 of the Dungeon.
You were a venomous arachnid creature.
You visited 1 branch of the dungeon, and saw 3 of its levels.

You collected 95 gold pieces.

Inventory:

Hand Weapons
 b - a +0 vorpal hunting sling (melded)
 i - a +0 halberd
 k - a +0 spear
 o - a +0 trident
Missiles
 c - 16 bolts
 d - 19 poisoned darts
 e - 14 arrows
 f - 62 stones
 l - 24 sling bullets
Armour
 a - a +0 robe (melded)
 g - a +0 pair of boots
 h - a +0 tower shield
Scrolls
 n - a scroll of blinking {unknown}
 p - a scroll of enchant armour {unknown}
 r - a scroll of fear {unknown}
Potions
 j - a potion of flight {unknown}
 m - a potion of haste {unknown}
 q - a potion of degeneration


   Skills:
 - Level 3.0 Fighting
 - Level 2.0 Dodging
 * Level 4.3 Unarmed Combat
 - Level 2.0 Spellcasting
 - Level 2.0 Transmutations
 - Level 2.0 Poison Magic


You had 4 spell levels left.
You knew the following spells:

 Your Spells              Type           Power      Damage    Failure   Level
a - Beastly Appendage     Tmut           14%        N/A       26%         1
p - Spider Form           Tmut/Pois      7%         N/A       52%         3

Your spell library contained the following spells:

 Spells                   Type           Power      Damage    Failure   Level
 Wereblood                Tmut           7%         N/A       34%         2
 Ice Form                 Ice/Tmut       4%         N/A       94%         4


Dungeon Overview and Level Annotations

Branches:
Dungeon (3/15)

Altars:
Hepliaklqana


Message History

The adder bites you.
You are poisoned.
The adder poisons you!
You barely miss the adder.
The adder is lightly wounded.
You feel very sick. The adder bites you. The adder misses you.
You closely miss the adder.
The adder is lightly wounded.
You feel sick. The adder bites you.
You are more poisoned.
The adder poisons you!
You hit the adder.
The adder looks as sick as possible!
The adder is moderately wounded.
You feel very sick. The adder misses you.
You closely miss the adder.
The adder is moderately wounded.
You feel very sick. The adder bites you.
You are lethally poisoned!
The adder poisons you!
You hit the adder.
The adder looks as sick as possible!
The adder is almost dead.
Your transformation is almost over.
* * * LOW HITPOINT WARNING * * *
You feel very sick.
You kill the adder!
It was a potion of degeneration.
There was something very wrong with that liquid.
You feel weakened.
You feel dopey.
You feel clumsy.
* * * LOW HITPOINT WARNING * * *
You feel very sick.
You hit the worm.
The worm is poisoned.
The worm is lightly wounded.
* * * LOW HITPOINT WARNING * * *
You feel very sick.
* * * LOW HITPOINT WARNING * * *
You feel sick.
You die...

.............#
.............#
K......
.....###.#####
w..S...
......##.#
.......
......##.#
.......
......##.#
.....
......##.# ...
##....##.###
#########.#
...........#
#.s.w.....#
########.#.#
#.#########
.8.......#.#
#.#
...#######.#
#.# .8.8#
#.####.# _...#
#......# ...8#
######## ...##
.8.#


You could see a worm (very poisoned).

Vanquished Creatures
  A scorpion (D:2)
  3 gnolls (D:2)
  2 adders
  2 dart slugs
  6 bats
  An endoplasm (D:3)
  5 giant cockroaches
  5 goblins
  6 hobgoblins
  8 jackals (D:1)
  5 kobolds
  2 quokkas
  2 ball pythons
  6 frilled lizards
  6 rats
60 creatures vanquished.

Notes
Turn   | Place    | Note
-------+----------+-------------------------------------------
     0 | D:1      | avis the Hill Orc Transmuter began the quest for the Orb.
     0 | D:1      | Reached XP level 1. HP: 16/16 MP: 3/3
   222 | D:1      | Reached XP level 2. HP: 24/24 MP: 2/4
   538 | D:1      | Reached skill level 4 in Unarmed Combat
   638 | D:1      | HP: 1/24 [jackal (1)]
   640 | D:1      | Reached XP level 3. HP: 2/29 MP: 3/5
  1018 | D:1      | Learned a level 3 spell: Spider Form
  1209 | D:2      | Noticed a scorpion
  1246 | D:2      | Found a hazy altar of Hepliaklqana.
  1966 | D:2      | Reached skill level 1 in Poison Magic
  1966 | D:2      | Reached XP level 4. HP: 28/38 MP: 3/6
  2600 | D:2      | Killed a scorpion
  2601 | D:2      | Reached XP level 5. HP: 25/45 MP: 3/7
  3660 | D:3      | Found a faded altar of an unknown god.
  3720 | D:3      | HP: 2/45 [poisoned by an adder]
  3721 | D:3      | Succumbed to an adder's poison

Illustrated notes

Levels and vault maps discovered:
D:1:      minmay_arrival_diagonal_passages, layout_rooms, minmay_misc_feat_tower
D:2:      layout_rooms, basic_altar
D:3:      layout_basic, ebering_ecumenical_altar_ruins,
          cheibrodos_sewer_entry_bend

Skill      XL: |  1  2  3  4  5 |
---------------+----------------+-----
Fighting       | 2 3 |  3.0
Unarmed Combat | 4 |  4.3
Dodging        | 2 |  2.0
Poison Magic   | 1 2 |  2.0
Transmutations | 2 |  2.0
Spellcasting   | 2 |  2.0

Action                   |  1- 3 |  4- 6 || total
-------------------------+-------+-------++-------
Melee: Unarmed           |   123 |    64 ||   187
       Kick              |    14 |     7 ||    21
       Headbutt          |     9 |     8 ||    17
       Punch             |     3 |     2 ||     5
 Fire: Hunting sling     |     1 |    17 ||    18
 Cast: Beastly Appendage |    27 |    11 ||    38
       Spider Form       |     2 |     8 ||    10
  Use: Potion            |     1 |     1 ||     2
       Scroll            |       |     2 ||     2
 Stab: Sleeping          |     1 |       ||     1
Armor: Robe              |    21 |     9 ||    30
       Skin              |     1 |     1 ||     2
Dodge: Dodged            |    76 |    42 ||   118

Table legend: (Time is in decaauts)
 A = Elapsed time spent in this place.
 B = Non-inter-level travel time spent in this place.
 C = Inter-level travel time spent in this place.
 D = Time resting spent in this place.
 E = Time spent auto-exploring this place.
 F = Levels seen in this place.
 G = Mean time per level.
                   A        B        C        D        E       F      G
               +--------+--------+--------+--------+--------+-----+--------+
         Total |   3716 |   3541 |    175 |   1822 |    932 |   3 | 1238.7 |
       Dungeon |   3716 |   3541 |    175 |   1822 |    932 |   3 | 1238.7 |
               +--------+--------+--------+--------+--------+-----+--------+

Top non-repeatable levels by time:
     D:1: 2390 daAuts
     D:2: 907 daAuts
     D:3: 419 daAuts
